Map: Deathaura LE

Players

llllllllllll

  • Race: Protoss Protoss
  • Spawn Location: 5:00

goblin - Winner!

  • Race: Protoss Protoss
  • League: Grandmaster
  • Spawn Location: 11:00

VOD

Have the link to the VOD?

Description

Time

  • Played on: Sept. 30, 2020, 2:11 p.m.
  • Length: 11:40
Show
View Real Time Build Order
Export as new Build Order

llllllllllll Protoss 

Build Orders:  

Get SALT Encoding   

  12  0:00  Probe  
  13  0:12  Probe  
  14  0:17  Pylon  
  14  0:24  Probe (Chrono Boost)  
  15  0:37  Probe (Chrono Boost), Gateway  
  16  0:43  Probe (Chrono Boost)  
  16  0:46  Assimilator  
  17  0:51  Probe  
  17  0:53  Assimilator  
  18  1:03  Probe (Chrono Boost)  
  19  1:07  Gateway  
  19  1:13  Probe (Chrono Boost)  
  19  1:18  Probe (Chrono Boost)  
  20  1:24  Cybernetics Core  
  21  1:29  Probe  
  22  1:33  Pylon  
  22  1:41  Probe  
  23  1:53  Probe  
  24  2:02  Warp Gate, Stalker x2  
  28  2:10  Pylon  
  28  2:12  Probe  
  29  2:28  Probe  
  30  2:32  Sentry x2  
  34  2:56  Probe  
  35  3:03  Shield Battery  
  35  3:09  Probe (Chrono Boost)  
  33  3:20  Probe (Chrono Boost)  
  33  3:21  Twilight Council  
  33  3:29  Probe (Chrono Boost), Nexus  
  33  3:30  Pylon  
  34  3:41  Probe (Chrono Boost)  
  35  3:45  Shield Battery  
  35  3:47  Probe (Chrono Boost)  
  36  3:51  Stalker  
  36  3:53  Shield Battery  
  36  3:55  Probe  
  37  4:03  Blink (Chrono Boost)  
  37  4:07  Probe  
  38  4:15  Stalker  
  40  4:19  Probe (Chrono Boost)  
  40  4:22  Stalker  
  43  4:29  Probe (Chrono Boost)  
  44  4:32  Shield Battery  
  44  4:34  Probe (Chrono Boost)  
  45  4:40  Stalker  
  45  4:43  Shield Battery  
  44  4:50  Stalker  
  41  4:54  Probe  
  41  4:58  Probe  
  43  5:06  Stalker  
  45  5:08  Probe  
  45  5:10  Probe  
  47  5:14  Stalker  
  47  5:20  Probe  
  49  5:23  Probe  
  50  5:31  Stalker  
  50  5:32  Probe  
  50  5:35  Probe  
  54  5:41  Pylon  
  54  5:49  Stalker  
  56  5:51  Probe x2  
  58  5:58  Stalker  
  58  6:05  Probe (Chrono Boost)  
  59  6:14  Stalker  
  59  6:15  Probe (Chrono Boost)  
  59  6:17  Pylon  
  61  6:22  Stalker  
  61  6:25  Probe x2 (Chrono Boost)  
  65  6:32  Forge  
  67  6:33  Probe (Chrono Boost)  
  67  6:34  Pylon  
  67  6:35  Probe (Chrono Boost)  
  67  6:37  Stalker  
  67  6:38  Probe (Chrono Boost)  
  70  6:42  Probe  
  71  6:49  Assimilator  
  71  6:52  Probe  
  69  6:55  Probe  
  69  7:05  Probe (Chrono Boost)  
  69  7:06  Protoss Ground Weapons Level 1 (Chrono Boost)  
  69  7:07  Probe (Chrono Boost), Nexus  
  71  7:10  Adept  
  73  7:18  Probe x2 (Chrono Boost)  
  73  7:20  Adept  
  77  7:25  Probe  
  77  7:28  Probe  
  77  7:29  Robotics Facility  
  79  7:41  Gateway  
  79  7:43  Charge  
  79  7:44  Probe  
  79  7:45  Gateway  
  79  7:47  Probe  
  81  7:56  Gateway  
  81  7:59  Probe  
  82  8:10  Gateway  
  82  8:11  Pylon, Gateway  
  82  8:17  Probe  
  81  8:24  Probe x2  
  83  8:28  Templar Archives  
  83  8:31  Warp Prism (Chrono Boost)  
  83  8:33  Probe  
  86  8:37  Probe  
  86  8:40  Probe  
  88  8:45  Zealot x3, Probe  
  95  8:50  Probe  
  95  8:54  Pylon  
  92  9:00  Protoss Ground Weapons Level 2 (Chrono Boost)  
  90  9:03  Zealot x2  
  90  9:05  Observer  
  95  9:15  High Templar x3  
  95  9:16  High Templar  
  95  9:17  Zealot  
  105  9:18  Probe x2  
  105  9:19  Pylon  
  105  9:20  Archon, Assimilator  
  105  9:21  Archon  
  107  9:24  Assimilator  
  107  9:27  Zealot x2  
  107  9:30  Probe  
  108  9:32  Pylon  
  108  9:37  Pylon  
  108  9:44  Zealot  
  108  9:48  Zealot x3  
  108  9:49  Zealot x3  
  120  9:55  Warp Prism (Chrono Boost)  
  120  9:59  Probe  
  109  10:16  High Templar x4  
  109  10:17  Zealot x3  
  109  10:21  Archon x2  
  84  10:34  Probe x2  
  82  10:36  Probe  
  82  10:39  Assimilator  
  79  10:44  High Templar  
  79  10:45  Zealot, High Templar  
  79  10:47  Nexus  
  81  10:50  Pylon  
  81  10:52  Stalker x3  
  81  10:54  Archon  
  81  10:55  Zealot  
  91  11:06  Photon Cannon  
  91  11:08  Zealot, Gateway  
  93  11:13  Dark Shrine  
  93  11:15  Shield Battery  
  93  11:17  Zealot x2, Shield Battery  
  91  11:26  Zealot x2  
  91  11:27  Zealot x2  
Show
View Real Time Build Order
Export as new Build Order

goblin Protoss - Winner!

Build Orders: Oracle Opening 

Get SALT Encoding   

  12  0:00  Probe  
  13  0:12  Probe  
  14  0:17  Pylon  
  14  0:24  Probe (Chrono Boost)  
  15  0:36  Probe (Chrono Boost)  
  15  0:37  Gateway  
  16  0:45  Probe (Chrono Boost)  
  16  0:46  Assimilator  
  17  0:51  Probe  
  17  0:54  Assimilator  
  18  1:03  Probe (Chrono Boost)  
  19  1:07  Gateway  
  19  1:14  Probe (Chrono Boost)  
  20  1:18  Probe (Chrono Boost)  
  20  1:24  Cybernetics Core  
  21  1:29  Probe  
  22  1:35  Pylon  
  22  1:41  Probe  
  23  1:53  Probe  
  24  2:01  Warp Gate, Adept x2  
  28  2:10  Stargate  
  28  2:21  Pylon  
  28  2:23  Shield Battery  
  28  2:40  Adept x2  
  32  2:49  Pylon  
  32  2:51  Oracle (Chrono Boost)  
  34  3:12  Adept x2  
  34  3:21  Oracle (Chrono Boost)  
  37  3:34  Nexus  
  37  3:39  Pylon  
  37  3:43  Probe  
  38  3:55  Probe  
  39  4:03  Void Ray  
  39  4:08  Probe (Chrono Boost)  
  44  4:16  Pylon  
  44  4:20  Probe (Chrono Boost)  
  45  4:29  Probe (Chrono Boost)  
  46  4:32  Robotics Facility  
  46  4:34  Probe  
  47  4:46  Probe  
  47  4:51  Void Ray  
  44  4:53  Probe (Chrono Boost)  
  46  5:01  Shield Battery  
  46  5:03  Probe (Chrono Boost)  
  46  5:06  Probe (Chrono Boost)  
  47  5:12  Probe (Chrono Boost)  
  48  5:19  Adept x2  
  52  5:21  Observer (Chrono Boost)  
  52  5:23  Probe  
  52  5:24  Observer  
  54  5:32  Pylon, Shield Battery  
  54  5:34  Probe  
  54  5:35  Probe  
  60  5:38  Void Ray  
  60  5:39  Immortal (Chrono Boost)  
  60  5:47  Probe  
  65  5:51  Probe  
  66  5:59  Probe  
  67  6:05  Probe  
  67  6:06  Assimilator  
  67  6:07  Zealot, Pylon, Assimilator  
  70  6:12  Probe  
  70  6:14  Observer  
  70  6:15  Immortal (Chrono Boost)  
  75  6:18  Probe  
  75  6:24  Zealot  
  75  6:25  Void Ray  
  78  6:31  Probe  
  78  6:32  Probe  
  84  6:36  Shield Battery  
  84  6:44  Probe x2  
  86  6:52  Immortal (Chrono Boost)  
  80  7:02  Void Ray  
  84  7:12  Pylon  
  84  7:14  Nexus  
  84  7:16  Pylon  
  84  7:24  Observer  
  84  7:30  Immortal  
  84  7:33  Twilight Council, Probe x2  
  84  7:34  Observer  
  84  7:35  Forge  
  90  7:39  Sentry  
  90  7:42  Void Ray  
  92  7:45  Probe x2  
  98  8:00  Probe x2  
  98  8:05  Blink  
  97  8:10  Immortal  
  97  8:12  Probe  
  102  8:18  Pylon  
  102  8:19  Probe (Chrono Boost)  
  98  8:26  Gateway  
  98  8:27  Gateway  
  98  8:28  Probe x2 (Chrono Boost)  
  98  8:29  Pylon  
  98  8:31  Probe (Chrono Boost)  
  101  8:35  Shield Battery  
  101  8:37  Adept, Probe (Chrono Boost)  
  101  8:38  Adept  
  101  8:41  Probe (Chrono Boost)  
  103  8:42  Probe (Chrono Boost)  
  104  8:48  Probe  
  104  8:49  Protoss Ground Weapons Level 1 (Chrono Boost)  
  104  8:51  Probe  
  105  8:57  Probe  
  105  8:58  Gateway  
  105  9:00  Gateway  
  106  9:05  Stalker, Assimilator  
  106  9:06  Pylon  
  106  9:08  Observer  
  109  9:11  Observer  
  109  9:12  Probe  
  109  9:28  Warp Prism  
  109  9:29  Stalker x4  
  119  9:38  Pylon  
  119  9:40  Gateway  
  119  9:42  Gateway  
  119  9:48  Shield Battery  
  119  9:52  Stalker  
  119  9:53  Stalker x3  
  119  9:56  Stalker  
  119  9:59  Stalker  
  117  10:16  Stalker x3  
  117  10:17  Stalker  
  117  10:20  Immortal  
  113  10:29  Stalker x2  
  113  10:30  Probe  
  113  10:35  Stalker  
  118  10:51  Stalker x2  
  118  10:52  Stalker x4  
  130  11:02  Probe x2  
  132  11:04  Probe  
  133  11:14  Pylon, Probe  
  133  11:15  Sentry  
  136  11:20  Stalker  
  136  11:21  Stalker x4  
  141  11:32  Stalker x2  
Tags
 
Matchup
PvP
Player
goblin
Spawn Locations
Cross Positions
Add a new tag
Caveats
  • Supply blocks, unpowered buildings, or Contaminate may cause inaccurate times.
  • Supply counts are checked every 10 seconds.